 Dungeon Crawl Stone Soup version 0.28-a0-622-gbaef9634d7 (webtiles) character file.

Game seed: 13685223189888091848

529 Rennog the Skirmisher (level 7, -21/53 HPs)
             Began as an Octopode Fighter on Oct 7, 2021.
             Demolished by an ogre (26 damage)
             ... on level 5 of the Dungeon.
             The game lasted 00:04:20 (3803 turns).

Rennog the Skirmisher (Octopode Fighter)            Turns: 3803, Time: 00:04:20

Health: -21/53     AC:  1    Str: 17    XL:     7   Next: 24%
Magic:  7/7        EV: 14    Int: 16    God:
Gold:   205        SH:  4    Dex: 12    Spells: 6/6 levels left

rFire   . . .      SeeInvis .   o - +0 long sword (venom)
rCold   . . .      Faith    .   b - +0 buckler
rNeg    . . .      Spirit   .   (helmet restricted)
rPois   .          Reflect  .   (no amulet)
rElec   .          Harm     .   h - +6 ring of intelligence
rCorr   .          Rampage  .   i - ring of willpower
Will    +....                   (no ring)
Stlth   ++........              (no ring)
HPRegen 0.17/turn               (no ring)
MPRegen 0.10/turn               (no ring)
                                (no ring)
                                (no ring)

@: no status effects
A: almost no armour, amphibious, 8 rings, camouflage 1, gelatinous body 1,
(nimble swimmer 1), tentacles
a: no special abilities


You were on level 5 of the Dungeon.
You visited 1 branch of the dungeon, and saw 5 of its levels.

You collected 205 gold pieces.

Inventory:

Hand Weapons
 a - a +0 rapier
 o - a +0 long sword of venom (weapon)
Armour
 b - a +0 buckler (worn)
Jewellery
 h - a +6 ring of intelligence (left tentacle)
 i - a ring of willpower (right tentacle)
Wands
 m - a wand of flame (20)
Scrolls
 e - 2 scrolls of teleportation {unknown}
 f - a scroll of magic mapping {unknown}
 k - a scroll of blinking {unknown}
 n - a scroll of noise {unknown}
 p - a scroll of identify {unknown}
Potions
 c - a potion of might
 d - a potion of mutation {unknown}
 g - a potion of brilliance {unknown}
 j - a potion of attraction {unknown}
 l - a potion of flight {unknown}


   Skills:
 * Level 6.8 Fighting
 - Level 2.0 Short Blades
 + Level 5.2 Dodging
 - Level 3.0 Shields


You had 6 spell levels left.
You didn't know any spells.
Your spell library contained the following spells:

 Spells                   Type           Power      Damage    Failure   Level
 Sandblast                Erth           0%         2d4       28%         1
 Passwall                 Tmut/Erth      0%         N/A       38%         2
 Sublimation of Blood     Necr           0%         N/A       38%         2
 Stone Arrow              Conj/Erth      0%         3d7       63%         3
 Petrify                  Tmut/Erth      0%         N/A       95%         4
 Irradiate                Conj/Tmut      0%         3d13      100%        5


Dungeon Overview and Level Annotations

Branches:
Dungeon (5/15)
 Temple: D:4-7

Altars:
Kikubaaqudgha
Vehumet

Shops:
D:3 (   D:4 [


Innate Abilities, Weirdness & Mutations

You cannot wear most types of armour.
You are amphibious.
You can wear up to eight rings at the same time.
Your skin changes colour to match your surroundings (Stealth+).
Your rubbery body absorbs attacks. (AC +1, EV +1)
((You are camouflaged near water. (Stealth+)))
You have tentacles for arms and can constrict up to eight enemies at once.


Message History

You slash the scorpion! You squeeze the scorpion.
You kill the scorpion!
The ogre barely misses you. The adder zombie barely misses you. x2
You hit the ogre.
The ogre is poisoned.
The ogre is lightly wounded.
The bullfrog skeleton misses you.
The ogre hits you with a +0 giant spiked club!
The adder zombie bites you but does no damage.
The bullfrog skeleton hits you.
You are too injured to fight recklessly!
You are too injured to fight recklessly!
You are too injured to fight recklessly!
You are too injured to fight recklessly!
You are too injured to fight recklessly!
You are too injured to fight recklessly!
You are too injured to fight recklessly!
You are too injured to fight recklessly!
You are too injured to fight recklessly!
You are too injured to fight recklessly!
The adder zombie misses you.
The ogre looks more healthy.
The bullfrog skeleton hits you.
You see here a +0 leather armour.
You slash the bullfrog skeleton! Your grab misses the bullfrog skeleton.
You squeeze the bullfrog skeleton.
The bullfrog skeleton is moderately damaged.
The bullfrog skeleton barely misses you.
The bullfrog skeleton hits you.
You hit the bullfrog skeleton. Your grab misses the bullfrog skeleton.
You squeeze the bullfrog skeleton!
The bullfrog skeleton is almost destroyed.
The bullfrog skeleton barely misses you.
You barely miss the ogre.
The ogre is moderately wounded.
You slash the ogre!
The ogre is poisoned.
The ogre is heavily wounded.
The ogre hits you with a +0 giant spiked club!
* * * LOW HITPOINT WARNING * * *
The ogre hits you with a +0 giant spiked club!!
You die...

.........####.#+####.# #....
..######## ##.#.# #.########....
.......[.# #....# #...........(.
..##.###.###....####.#...###.....
.<##.##..............#...###.....
รท###.............................
..........###.#..###.##..########
......#...# #............### #
...#..#...# ####@###.##..#.# #
......##..# #O###.##.##.# ##
..........######ZZ##.##.##.#####.
.................................
.....####.###.##.......######.##.
...#### #..............# #.##.
......#####...##.).##..# ##....
.......####...##.#.##..# #.....
.#####..............#..### #.....


You could see an ogre (very poisoned), an adder zombie and a bullfrog skeleton.

Vanquished Creatures
  An ogre (D:5)
  2 scorpions
  A jelly (D:5)
  An orc priest (D:4)
  2 iguanas
  2 orc wizards (D:4)
  A hound skeleton (D:5)
  A howler monkey skeleton (D:5)
  5 adders
  A worm (D:3)
  5 dart slugs
  15 orcs
  6 bats
  3 endoplasms
  A giant cockroach (D:1)
  3 goblins
  12 hobgoblins
  7 jackals
  6 kobolds
  2 quokkas
  4 ball pythons
  3 frilled lizards
  8 rats
92 creatures vanquished.

Notes
Turn   | Place    | Note
-------+----------+-------------------------------------------
     0 | D:1      | Rennog the Octopode Fighter began the quest for the Orb.
     0 | D:1      | Reached XP level 1. HP: 16/16 MP: 1/1
     3 | D:1      | Noticed an electric eel
     4 | D:1      | Noticed an electric eel
    91 | D:1      | Reached XP level 2. HP: 13/21 MP: 2/2
   486 | D:1      | Reached XP level 3. HP: 27/27 MP: 3/3
   881 | D:2      | Reached skill level 4 in Fighting
  1338 | D:2      | Reached XP level 4. HP: 33/33 MP: 4/4
  1913 | D:3      | Found Himireik's Antique Weapon Shop.
  1967 | D:3      | Noticed a scorpion
  1995 | D:3      | Killed a scorpion
  1996 | D:3      | Reached skill level 5 in Fighting
  1996 | D:3      | Reached XP level 5. HP: 39/39 MP: 5/5
  2895 | D:4      | Noticed a phantom
  2909 | D:4      | Found a radiant altar of Vehumet.
  2910 | D:4      | Found an ancient bone altar of Kikubaaqudgha.
  2951 | D:4      | Noticed a necrophage
  3058 | D:4      | Found Ydocafan's Antique Armour Shop.
  3161 | D:4      | Noticed an ogre
  3254 | D:4      | Reached XP level 6. HP: 46/46 MP: 6/6
  3400 | D:5      | Entered Level 5 of the Dungeon
  3418 | D:5      | Reached skill level 6 in Fighting
  3424 | D:5      | Reached skill level 5 in Dodging
  3424 | D:5      | Reached XP level 7. HP: 38/53 MP: 7/7
  3803 | D:5      | Demolished by an ogre

Illustrated notes

Levels and vault maps discovered:
D:1:      arrival_aquarium_b, layout_rooms
D:2:      layout_rooms
D:3:      layout_loops_ring, serial_shops, shop, chequers_big_river,
          chequers_jeans, minmay_door_square
D:4:      layout_loops_ring, nicolae_overflow_hidden_temple, serial_shops, shop,
          supply_closet_lemuel
D:5:      layout_basic

Skill      XL: |  1  2  3  4  5  6 |
---------------+-------------------+-----
Fighting       | 4 5 6 |  6.8
Dodging        | 4 5 |  5.2
Short Blades   | |  2.0
Shields        | |  3.0

Action                   |  1- 3 |  4- 6 |  7- 9 || total
-------------------------+-------+-------+-------++-------
Melee: Rapier            |    75 |    65 |       ||   140
       Constrict         |    16 |    26 |     4 ||    46
       Tentacles         |     7 |    17 |     7 ||    31
       Long sword        |       |    28 |    17 ||    45
 Stab: Sleeping          |     3 |     2 |       ||     5
Armor: Skin              |     9 |     7 |     2 ||    18
Dodge: Dodged            |    51 |    41 |    14 ||   106
Block: Buckler           |    19 |    24 |     4 ||    47

Table legend: (Time is in decaauts)
 A = Elapsed time spent in this place.
 B = Non-inter-level travel time spent in this place.
 C = Inter-level travel time spent in this place.
 D = Time resting spent in this place.
 E = Time spent auto-exploring this place.
 F = Levels seen in this place.
 G = Mean time per level.
                   A        B        C        D        E       F      G
               +--------+--------+--------+--------+--------+-----+--------+
         Total |   3836 |   3710 |    126 |    134 |   2947 |   5 |  767.2 |
       Dungeon |   3836 |   3710 |    126 |    134 |   2947 |   5 |  767.2 |
               +--------+--------+--------+--------+--------+-----+--------+

Top non-repeatable levels by time:
     D:3: 1026 daAuts
     D:1: 973 daAuts
     D:2: 948 daAuts
     D:4: 476 daAuts
     D:5: 410 daAuts
